Map: [ESL] Waterfall

Players

PiLiPiLi - Winner!

  • Race: Protoss Protoss
  • Spawn Location: 1:00

Bioice

  • Race: Zerg Zerg
  • Spawn Location: 7:00

Event: DreamHack SC2 Masters 2022 Atlanta (Online)

VOD

Have the link to the VOD?

Description

Time

  • Played on: Oct. 8, 2022, 3:56 p.m.
  • Length: 11:13

All games in this series

Show
View Real Time Build Order
Export as new Build Order

PiLiPiLi Protoss - Winner!

Build Orders: 1 Gate Expand 

Get SALT Encoding   

  12  0:00  Probe  
  14  0:14  Probe  
  14  0:18  Pylon  
  14  0:26  Probe  
  14  0:27  Assimilator  
  15  0:38  Probe (Chrono Boost)  
  16  0:44  Gateway  
  17  0:50  Probe (Chrono Boost)  
  17  0:56  Probe (Chrono Boost)  
  18  1:04  Probe  
  19  1:16  Probe  
  20  1:25  Nexus  
  20  1:34  Cybernetics Core  
  20  1:37  Probe  
  21  1:42  Assimilator  
  21  1:49  Probe  
  21  1:52  Pylon  
  22  2:01  Probe  
  22  2:07  Adept (Chrono Boost)  
  23  2:14  Stargate  
  26  2:15  Probe  
  26  2:19  Warp Gate  
  26  2:28  Adept (Chrono Boost), Probe  
  29  2:37  Probe  
  29  2:40  Probe  
  31  2:49  Probe  
  31  2:50  Adept  
  34  2:52  Probe  
  35  3:03  Void Ray (Chrono Boost)  
  35  3:04  Probe  
  35  3:05  Probe  
  41  3:16  Probe  
  41  3:17  Probe  
  43  3:28  Probe  
  43  3:29  Probe  
  43  3:33  Gateway  
  41  3:39  Assimilator  
  41  3:40  Probe, Pylon  
  42  3:41  Probe  
  42  3:42  Assimilator  
  42  3:43  Shield Battery  
  43  3:52  Probe  
  43  3:54  Fleet Beacon  
  43  3:55  Probe  
  45  4:01  Stargate  
  45  4:06  Probe  
  45  4:07  Probe  
  47  4:15  Pylon  
  47  4:19  Pylon  
  47  4:21  Probe  
  47  4:23  Pylon  
  47  4:24  Probe  
  49  4:33  Adept, Zealot, Probe  
  59  4:40  Tempest (Chrono Boost)  
  59  4:41  Probe  
  60  4:51  Probe  
  66  4:53  Probe  
  66  4:54  Tempest (Chrono Boost)  
  67  5:07  Probe  
  67  5:08  Probe  
  67  5:13  Tempest (Chrono Boost)  
  78  5:30  Tempest (Chrono Boost)  
  78  5:32  Pylon  
  78  5:34  Pylon  
  78  5:35  Pylon  
  78  5:44  Pylon  
  78  5:49  Tempest (Chrono Boost)  
  78  5:54  Nexus  
  78  5:56  Shield Battery  
  83  5:57  Adept x2  
  87  6:07  Probe  
  91  6:15  Gateway  
  83  6:25  Stalker x2  
  85  6:27  Gateway, Pylon  
  85  6:31  Void Ray (Chrono Boost)  
  89  6:45  Void Ray  
  79  6:52  Zealot x2  
  76  7:09  Unknown  
  73  7:16  Probe x2  
  75  7:28  Probe (Chrono Boost)  
  75  7:29  Probe (Chrono Boost)  
  77  7:30  Zealot x2  
  77  7:33  Sentry  
  83  7:40  Probe (Chrono Boost)  
  86  7:45  Probe (Chrono Boost)  
  86  7:47  Probe (Chrono Boost)  
  84  7:54  Zealot, Sentry  
  84  7:55  Probe  
  85  8:09  Probe  
  85  8:10  Zealot  
  85  8:12  Probe  
  76  8:51  Probe  
  76  8:52  Zealot x3, Probe  
  92  8:56  Void Ray x2  
  88  9:04  Probe x2  
  88  9:09  Nexus  
  90  9:31  Stalker x3  
  91  9:32  Probe x2  
  91  9:34  Pylon  
  91  9:36  Void Ray x2 (Chrono Boost)  
  101  9:44  Probe  
  102  9:50  Flux Vanes  
  102  9:58  Probe  
  103  10:05  Probe  
  112  10:10  Void Ray (Chrono Boost)  
  112  10:16  Void Ray (Chrono Boost)  
  112  10:22  Probe x2  
  112  10:23  Zealot x3  
  112  10:26  Forge  
  120  10:40  Pylon  
  124  10:42  Void Ray (Chrono Boost)  
  114  11:09  Stargate  
  108  11:11  Assimilator  
Show
View Real Time Build Order
Export as new Build Order

Bioice Zerg 

Build Orders: Hatch First 

Get SALT Encoding   

  12  0:00  Drone  
  13  0:13  Overlord  
  13  0:16  Drone  
  14  0:31  Drone x2  
  16  0:49  Hatchery  
  15  0:52  Drone  
  15  0:55  Drone  
  17  0:59  Drone  
  18  1:05  Extractor  
  17  1:15  Spawning Pool  
  17  1:17  Drone  
  17  1:21  Drone  
  18  1:29  Drone  
  19  1:40  Drone  
  20  1:50  Drone  
  21  2:02  Queen x2  
  21  2:03  Drone, Overlord  
  26  2:13  Metabolic Boost  
  26  2:14  Drone x2  
  28  2:24  Drone x2  
  30  2:34  Hatchery  
  30  2:35  Zergling x2  
  30  2:42  Queen  
  32  2:45  Zergling x2  
  32  2:46  Zergling x2  
  32  2:51  Overlord  
  34  2:57  Drone x2  
  36  3:06  Overlord  
  36  3:14  Drone x4  
  35  3:30  Drone  
  35  3:32  Queen x2  
  40  3:34  Drone x2  
  40  3:36  Spore Crawler, Drone  
  41  3:42  Overlord  
  41  3:43  Drone  
  41  3:47  Drone  
  43  3:52  Drone  
  43  3:53  Drone  
  45  3:59  Queen  
  47  4:03  Drone  
  47  4:04  Drone x2  
  47  4:05  Drone x3  
  47  4:09  Overlord  
  53  4:12  Drone  
  53  4:13  Drone  
  53  4:14  Drone  
  53  4:16  Drone  
  57  4:19  Drone  
  58  4:28  Overlord x2, Extractor  
  56  4:34  Roach Warren  
  56  4:35  Zergling x6  
  56  4:36  Zergling x2  
  59  4:41  Spore Crawler  
  59  4:42  Spore Crawler  
  57  4:46  Zergling x6  
  60  4:58  Overlord  
  60  5:06  Overlord  
  59  5:14  Overlord  
  59  5:15  Roach  
  59  5:16  Roach x7  
  59  5:20  Roach  
  76  5:29  Roach x2  
  76  5:30  Overlord x2  
  76  5:34  Roach  
  82  5:40  Roach  
  82  5:42  Roach  
  86  5:44  Overlord  
  85  5:51  Zergling x18  
  85  5:53  Zergling x2  
  95  5:57  Zergling x2  
  95  5:58  Zergling x2  
  95  5:59  Zergling x2  
  95  6:00  Zergling x2  
  99  6:07  Zergling x10  
  99  6:08  Zergling x2  
  99  6:18  Zergling x2  
  99  6:19  Zergling x4  
  97  6:33  Zergling x6  
  97  6:41  Lair  
  97  6:44  Drone x9  
  101  6:48  Queen x2  
  101  6:56  Zergling x10  
  94  7:06  Zergling x2  
  94  7:07  Zergling x8  
  88  7:14  Drone  
  76  7:22  Extractor  
  76  7:23  Extractor  
  76  7:24  Spore Crawler, Queen x2  
  76  7:25  Zergling x6, Spore Crawler  
  79  7:33  Zergling x10  
  83  7:38  Zergling x4  
  84  7:47  Spire  
  84  7:49  Zergling x6  
  77  8:18  Queen  
  73  8:32  Drone x11  
  73  8:33  Drone  
  78  8:58  Corruptor  
  78  8:59  Corruptor x2  
  80  9:03  Corruptor  
  80  9:07  Overlord x2  
  82  9:20  Hatchery  
  81  9:24  Corruptor  
  83  9:35  Lair  
  83  9:36  Zergling x18  
  92  9:43  Baneling Nest  
  91  9:47  Zergling x4  
  91  9:50  Hatchery  
  91  9:52  Evolution Chamber  
  91  9:53  Extractor  
  90  10:04  Zergling x4  
  92  10:09  Zergling x4, Baneling Nest  
  93  10:23  Roach x3  
  93  10:27  Baneling x4  
  93  10:28  Baneling x6  
  99  10:29  Baneling  
  99  10:34  Drone  
  99  10:35  Drone x5  
  105  10:47  Spire  
Tags
 
Add a new tag
Caveats
  • Supply blocks, unpowered buildings, or Contaminate may cause inaccurate times.
  • Supply counts are checked every 10 seconds.